 Dungeon Crawl Stone Soup version 0.27-a0-1084-g78b3836a5f (webtiles) character file.

Game seed: 7721765820926625983

71 scammafunk the Gusty (level 4, 0/24 HPs)
             Began as a Tengu Air Elementalist on Apr 27, 2021.
             Slain by Robin
             ... wielding a +0 dagger
              (8 damage)
             ... on level 2 of the Dungeon.
             The game lasted 00:06:24 (1983 turns).

scammafunk the Gusty (Tengu Air Elementalist)       Turns: 1983, Time: 00:06:25

Health: 0/24       AC:  2    Str:  8    XL:     4   Next: 24%
Magic:  1/9        EV: 13    Int: 16    God:
Gold:   55         SH:  0    Dex: 15    Spells: 5/8 levels left

rFire    . . .     SeeInvis .   c - +1 dagger (speed)
rCold    . . .     Faith    .   (no shield)
rNeg     . . .     Spirit   .   a - +0 robe
rPois    .         Reflect  .   (helmet restricted)
rElec    .         Harm     .   (no cloak)
rCorr    .         Rampage  .   (no gloves)
Will     .....                  (boots unavailable)
Stlth    ++........             (no amulet)
HPRegen  0.08/turn              (no ring)
MPRegen  0.11/turn              (no ring)

@: no status effects
A: beak, talons 3
a: no special abilities


You were on level 2 of the Dungeon.
You visited 1 branch of the dungeon, and saw 2 of its levels.

You collected 55 gold pieces.

Inventory:

Hand Weapons
 c - a +1 dagger of speed (weapon)
Armour
 a - a +0 robe (worn)
 b - a +0 pair of gloves
Wands
 e - a wand of acid (7)
Potions
 d - a potion of curing {unknown}


   Skills:
 + Level 2.7 Dodging
 - Level 2.0 Stealth
 + Level 2.7 Spellcasting
 + Level 3.0 Conjurations
 + Level 4.8 Air Magic


You had 5 spell levels left.
You knew the following spells:

 Your Spells              Type           Power      Damage    Failure   Level
a - Shock                 Conj/Air       56%        1d6       3%          1
b - Static Discharge      Conj/Air       14%        N/A       6%          2

Your spell library contained the following spells:

 Spells                   Type           Power      Damage    Failure   Level
 Swiftness                Air            17%        N/A       8%          3
 Foxfire                  Conj/Fire      28%        2x1d5     11%         1
 Airstrike                Air            8%         N/A       26%         4
 Conjure Flame            Conj/Fire      7%         6-21      30%         3
 Inner Flame              Hex/Fire       2%         N/A       50%         3
 Sticky Flame             Conj/Fire      7%         2d3       71%         4
 Lightning Bolt           Conj/Air       7%         1d19      71%         5
 Fireball                 Conj/Fire      3%         3d4       96%         5


Dungeon Overview and Level Annotations

Branches:
Dungeon (2/15)

Altars:

Annotations:
D:2 Robin


Innate Abilities, Weirdness & Mutations

You have a beak for a mouth.
You have claws for feet.


Message History

The goblin hits you but does no damage.
You hit the goblin.
The goblin is heavily wounded.
The goblin hits you with a +0 dagger.
You closely miss the goblin. Your kick misses the goblin.
Your peck misses the goblin.
The goblin is heavily wounded.
You open the door. The goblin closely misses you.
You barely miss the goblin.
The goblin is heavily wounded.
The goblin closely misses you.
You hit the goblin but do no damage. You claw the goblin.
You kill the goblin!
Robin says, "My army is invincible!"
You closely miss the goblin. You claw the goblin, but do no damage.
The goblin misses you.
You hit the goblin but do no damage. Your kick misses the goblin.
Robin misses you.
You hit the goblin.
You kill the goblin!
You hit Robin. You claw Robin.
Robin is heavily wounded.
Robin barely misses you.
You hit Robin. You claw Robin.
Robin is severely wounded.
Robin barely misses you.
Casting: Shock (safe; 3% risk of failure)
Confirm with . or Enter, or press ? or * to list all spells.
You don't have enough magic to cast this spell.
You hit Robin but do no damage. Your kick misses Robin.
You peck Robin, but do no damage.
Robin is severely wounded.
Robin hits you with a +0 dagger.
You are too injured to fight recklessly!
You hit Robin.
Robin is severely wounded.
You hit Robin but do no damage.
Robin is severely wounded.
Robin hits you with a +0 dagger!
You die...

##.#....................###..#
##..#........................##
###....................##...).# #
##.........###.#............## #
#.........# +.#.............## #
##........# #≈#.........###..# #
##...##..# #≈#.(.......#..... #
##.########≈#<)...#.###..... #
#......##)@#........##..... #
##......###g#........##..... #
#.....................#..... #
#.......[.......##.#........ #
#........)..#.#...........>.
#..........#..####.......... #
#..........#.####..#.##.....
#######........##.##...##.##.....
...............##.##.####.###....


You could see Robin.

Vanquished Creatures
  3 dart slugs (D:1)
  4 bats (D:1)
  6 endoplasms
  A giant cockroach (D:1)
  13 goblins
  8 hobgoblins
  4 jackals (D:1)
  A quokka (D:2)
  5 ball pythons (D:1)
  3 frilled lizards (D:1)
  5 kobolds (D:1)
  3 rats
56 creatures vanquished.

Notes
Turn   | Place    | Note
-------+----------+-------------------------------------------
     0 | D:1      | scammafunk the Tengu Air Elementalist began the quest for
                  | the Orb.
     0 | D:1      | Reached XP level 1. HP: 10/10 MP: 4/4
   232 | D:1      | Reached XP level 2. HP: 15/15 MP: 4/6
   652 | D:1      | Reached XP level 3. HP: 18/19 MP: 1/7
  1904 | D:2      | Learned a level 2 spell: Static Discharge
  1946 | D:2      | Noticed Robin
  1947 | D:2      | Reached XP level 4. HP: 24/24 MP: 5/8
  1983 | D:2      | Slain by Robin

Illustrated notes

Levels and vault maps discovered:
D:1:      saegor_arrival_simple_a, layout_basic, chequers_serial_rivers_marsh,
          minivault_26
D:2:      layout_rooms, kennysheep_big_empty_room, corexii_corridor_pit,
          uniq_robin

Skill      XL: |  1  2  3  4 |
---------------+-------------+-----
Conjurations   | 2 3 |  3.0
Dodging        | |  2.7
Stealth        | |  2.0
Spellcasting   | |  2.7
Air Magic      | |  4.8

Action                   |  1- 3 |  4- 6 || total
-------------------------+-------+-------++-------
Melee: Unarmed           |     8 |       ||     8
       Kick              |     2 |     4 ||     6
       Peck              |     1 |     1 ||     2
       Dagger            |       |    14 ||    14
 Cast: Shock             |    94 |     7 ||   101
  Use: Scroll            |     2 |       ||     2
       Potion            |     1 |       ||     1
Armor: Robe              |     7 |     1 ||     8
Dodge: Dodged            |    10 |     6 ||    16

Table legend: (Time is in decaauts)
 A = Elapsed time spent in this place.
 B = Non-inter-level travel time spent in this place.
 C = Inter-level travel time spent in this place.
 D = Time resting spent in this place.
 E = Time spent auto-exploring this place.
 F = Levels seen in this place.
 G = Mean time per level.
                   A        B        C        D        E       F      G
               +--------+--------+--------+--------+--------+-----+--------+
         Total |   1979 |   1969 |     10 |     91 |   1610 |   2 |  989.5 |
       Dungeon |   1979 |   1969 |     10 |     91 |   1610 |   2 |  989.5 |
               +--------+--------+--------+--------+--------+-----+--------+

Top non-repeatable levels by time:
     D:1: 1664 daAuts
     D:2: 315 daAuts
